 Dungeon Crawl Stone Soup version 0.24-a0-528-g98e85ec62a (webtiles) character file.

Game seed: 18055176485098832034

698 Mithandil the Conjurer (level 7, -4/36 HPs)
             Began as a Tengu Conjurer on Aug 6, 2019.
             Killed from afar by Dowan (23 damage)
             ... with a shard of ice
             ... on level 4 of the Dungeon.
             The game lasted 00:34:54 (5071 turns).

Mithandil the Conjurer (Tengu Conjurer)             Turns: 5071, Time: 00:34:56

Health: -4/36      AC:  3    Str: 10    XL:     7   Next: 65%
Magic:  1/12       EV: 13    Int: 16    God:
Gold:   328        SH:  0    Dex: 14    Spells: 2/13 levels left

rFire    . . .     SeeInvis .   a - +3 quarterstaff
rCold    . . .     Gourm    .   (shield currently unavailable)
rNeg     . . .     Faith    .   i - +0 leather armour
rPois    +         Spirit   .   (helmet restricted)
rElec    .         Reflect  .   (no cloak)
rCorr    .         Harm     .   (no gloves)
MR       .....                  (boots unavailable)
Stlth    ++........             (no amulet)
HPRegen  0.12/turn              B - ring of wizardry
MPRegen  0.13/turn              (no ring)

@: no status effects
A: beak, talons 3, deterioration 1, low mp 1, poison resistance, wild magic 1,
able to fly
a: Fly


You were on level 4 of the Dungeon.
You were very hungry.

You visited 1 branch of the dungeon, and saw 5 of its levels.

You collected 328 gold pieces.

Inventory:

Hand Weapons
 a - a +3 quarterstaff (weapon)
 b - a +0 trident
 f - a +0 hunting sling
 o - a +0 mace
 s - a +0 shortbow
 C - a +0 falchion
 D - a +0 hand axe
 E - a +0 rapier
 H - a +0 dagger
Missiles
 d - 94 bolts
 e - 15 sling bullets
 j - 2 silver boomerangs
 k - 122 stones
 n - 2 boomerangs of dispersal
 y - 3 javelins (quivered)
 z - 11 boomerangs
Armour
 h - a +1 cloak
 i - a +0 leather armour (worn)
Jewellery
 B - a ring of wizardry (left hand)
Scrolls
 g - a scroll of blinking {unknown}
 l - a scroll of enchant armour {unknown}
 m - 7 scrolls of remove curse
 t - 3 scrolls of teleportation
 u - 2 scrolls of magic mapping {unknown}
 w - a scroll of random uselessness {unknown}
 x - a scroll of noise {unknown}
 A - 2 scrolls of amnesia {unknown}
 G - a scroll of immolation {unknown}
Potions
 p - a potion of brilliance {unknown}
 q - a potion of lignification
 r - a potion of resistance
 v - a potion of degeneration {unknown}
 F - a potion of haste {unknown}
Comestibles
 c - 6 rations


   Skills:
 - Level 3.0 Short Blades
 * Level 2.9(3.0) Polearms
 * Level 0.6(1.9) Staves
 + Level 1.7 Throwing
 + Level 3.5 Dodging
 + Level 3.3 Stealth
 * Level 3.7 Spellcasting
 * Level 7.0 Conjurations
 + Level 1.4 Translocations


You had 2 spell levels left.
You knew the following spells:

 Your Spells              Type           Power        Failure   Level  Hunger
a - Magic Dart            Conj           ####         1%          1    None
b - Searing Ray           Conj           ####..       1%          2    ##.....
c - Force Lance           Conj/Tloc      ###.....     21%         4    ####...
d - Iskenderun's Mystic   Conj           ####....     8%          4    ####...

Your spell library contained the following spells:

 Spells                   Type           Power        Failure   Level  Hunger
 Dazzling Spray           Conj/Hex       ###...       10%         3    ###....
 Fulminant Prism          Conj/Hex       ###.......   28%         4    ####...


Dungeon Overview and Level Annotations

Branches:
Dungeon (5/15)             Temple (0/1) D:5

Altars:
Gozag
Makhleb

Annotations:
D:4 Dowan


Innate Abilities, Weirdness & Mutations

You have a beak for a mouth.
You have claws for feet.
You can fly continuously.
Your body sometimes deteriorates upon taking damage.
Your magical capacity is low. (-10% MP)
Your system is resistant to poisons. (rPois)
Your spells are a little harder to cast, but a little more powerful.


Message History

a +0 short sword; a +0 ring mail; a fuming dark potion
F - a fuming dark potion Dowan shakes with grief.
Dowan casts a spell.
Dowan blinks!
Dowan mumbles some strange words.
Dowan blinks!
Dowan mumbles some strange words.
Dowan blinks!
You see here 6 gold pieces.
You closely miss Dowan.
Dowan is lightly wounded.
Dowan barely misses you. Dowan hits you with a +0 dagger.
You barely miss Dowan. You claw Dowan. You peck Dowan, but do no damage.
Dowan is moderately wounded.
Dowan hits you but does no damage. Dowan casts a spell at you.
The shard of ice hits you!!
Ouch! That really hurt!
You die...

##############
#.............
#########.###########.
#....@e.)........ #.
#[######..#####..####.
#..### #....... #....
........ #.# #...##
#######. #.# #...# #.
#.# #...##########.
#.# ####..............
#.# #..........[#####.


You could see Dowan.

Vanquished Creatures
  Eustachio (D:4)
  Duvessa (D:4)
  2 scorpions (D:4)
  An orc priest (D:4)
  A bullfrog skeleton (D:5)
  An orc wizard (D:4)
  Jessica (D:2)
  An iguana (D:4)
  2 worker ants (D:4)
  2 howler monkey skeletons (D:4)
  8 adders
  An ooze (D:1)
  An adder zombie (D:5)
  2 worms
  An adder skeleton (D:4)
  2 dart slugs
  2 leopard geckos
  4 orcs
  A ball python (D:1)
  5 giant cockroaches
  12 goblins
  6 hobgoblins
  4 jackals (D:2)
  8 kobolds
  3 quokkas
  7 bats
  5 frilled lizards
  A quokka skeleton (D:4)
  3 rats
89 creatures vanquished.

Notes
Turn   | Place    | Note
-------+----------+-------------------------------------------
     0 | D:1      | Mithandil the Tengu Conjurer began the quest for the Orb.
     0 | D:1      | Reached XP level 1. HP: 10/10 MP: 4/4
   245 | D:1      | Reached XP level 2. HP: 15/15 MP: 1/6
   249 | D:1      | Learned a level 2 spell: Searing Ray
   629 | D:1      | Gained mutation: Your spells are a little harder to cast,
                  | but a little more powerful. [potion of mutation]
   629 | D:1      | Gained mutation: Your magical capacity is low. (-10% MP)
                  | [potion of mutation]
   629 | D:1      | Gained mutation: Your body sometimes deteriorates upon
                  | taking damage. [potion of mutation]
   629 | D:1      | Gained mutation: Your system is resistant to poisons.
                  | (rPois) [potion of mutation]
   807 | D:1      | Reached XP level 3. HP: 19/19 MP: 2/6
  1341 | D:2      | Reached skill level 1 in Short Blades
  1413 | D:2      | Noticed Jessica
  1416 | D:2      | Killed Jessica
  1416 | D:2      | Reached XP level 4. HP: 23/24 MP: 5/8
  1783 | D:2      | Learned a level 4 spell: Force Lance
  2044 | D:2      | Found an opulent altar of Gozag.
  2190 | D:2      | Found a faded altar of an unknown god.
  2352 | D:2      | Reached skill level 6 in Conjurations
  2630 | D:3      | Gained mutation: You can fly continuously. [Tengu growth]
  2630 | D:3      | Reached XP level 5. HP: 28/28 MP: 6/9
  2944 | D:3      | Reached skill level 1 in Polearms
  3290 | D:4      | Reached skill level 1 in Throwing
  3462 | D:4      | Reached XP level 6. HP: 32/32 MP: 6/10
  3506 | D:5      | Entered Level 5 of the Dungeon
  3514 | D:4      | Learned a level 4 spell: Iskenderun's Mystic Blast
  3523 | D:4      | Noticed Eustachio
  3557 | D:4      | Killed Eustachio
  3557 | D:4      | Reached skill level 1 in Translocations
  3568 | D:4      | HP: 2/48 [poisoned by a worker ant]
  3576 | D:4      | HP: 1/48 [poisoned by a worker ant]
  3581 | D:4      | HP: 1/48 [poisoned by a worker ant]
  4074 | D:5      | Found a burning altar of Makhleb.
  4087 | D:5      | Found a staircase to the Ecumenical Temple.
  4087 | D:5      | Noticed an ice beast
  4254 | D:4      | Reached XP level 7. HP: 10/36 MP: 3/11
  5053 | D:4      | Noticed Duvessa
  5054 | D:4      | Noticed Dowan
  5063 | D:4      | Killed Duvessa
  5063 | D:4      | Reached skill level 7 in Conjurations
  5071 | D:4      | Killed from afar by Dowan

Levels and vault maps discovered:
D:1:      erik_arrival_triangle_small, layout_rooms
D:2:      layout_basic, nicolae_gozag_seed_capital,
          chequers_ecumenical_altar_simple_redux,
          chequers_serial_rivers_small_a, minmay_goblin_kobold_house,
          uniq_jessica
D:3:      layout_loops_ring
D:4:      layout_loops_ring, first_ration, uniq_duvessa, uniq_eustachio
D:5:      layout_rooms, minmay_temple_entry_trees, bloody_makhleb, uniq_sigmund

Skill      XL: |  1  2  3  4  5  6  7 |
---------------+----------------------+-----
Short Blades   | 1 2 3 |  3.0
Conjurations   | 6 7 |  7.0
Polearms       | 1 2 |  2.9
Throwing       | 1 |  1.7
Dodging        | 3 |  3.5
Spellcasting   | 3 |  3.7
Stealth        | 3 |  3.3
Translocations | 1 |  1.4
Staves         | |  0.6

Action                   |  1- 3 |  4- 6 |  7- 9 || total
-------------------------+-------+-------+-------++-------
Melee: Unarmed           |     4 |       |       ||     4
       Kick              |     4 |     3 |     1 ||     8
       Peck              |     3 |     3 |     1 ||     7
       Dagger            |    18 |       |       ||    18
       Trident           |     6 |    27 |     3 ||    36
       Quarterstaff      |       |       |     2 ||     2
Throw: Javelin           |       |     3 |     1 ||     4
 Cast: Magic Dart        |    39 |    55 |    17 ||   111
       Searing Ray       |     5 |    24 |     7 ||    36
  Use: Potion            |     2 |     3 |       ||     5
       Scroll            |       |     4 |     1 ||     5
 Stab: Sleeping          |     2 |     2 |     1 ||     5
  Eat: Chunk             |     2 |    11 |     1 ||    14
Armor: Leather armour    |     4 |    17 |     4 ||    25
       Robe              |     2 |       |       ||     2
       Skin              |       |    11 |       ||    11
Dodge: Dodged            |    20 |    49 |     9 ||    78

Table legend:
 A = Non-vault XP
 B = Vault XP
 C = Vault XP percentage of total XP
 D = Non-vault monster count
 E = Vault monster count
 F = Vault count percentage of total count
                 A         B        C        D         E       F
            +---------+---------+-------+---------+---------+-------
      Total |     631 |     367 |  36.8 |      83 |       6 |   6.7
            +---------+---------+-------+---------+---------+-------
        D:1 |      40 |       0 |   0.0 |      21 |       0 |   0.0
        D:2 |      78 |      43 |  35.5 |      28 |       4 |  12.5
        D:3 |      51 |       0 |   0.0 |      10 |       0 |   0.0
        D:4 |     397 |     324 |  44.9 |      19 |       2 |   9.5
        D:5 |      65 |       0 |   0.0 |       5 |       0 |   0.0
            +---------+---------+-------+---------+---------+-------
